 Dungeon Crawl Stone Soup version 0.30-a0-702-gdf48620a09 (webtiles) character file.

Game seed: 15444005161104324806

23684 drugrobin the Brawler (level 12, -14/95 HPs)
             Began as a Demigod Delver on Jan 22, 2023.
             Demolished by a death yak (26 damage)
             ... on level 5 of the Lair of Beasts.
             The game lasted 00:35:24 (11586 turns).

drugrobin the Brawler (Demigod Delver)             Turns: 11586, Time: 00:35:25

Health: -14/95     AC:  7    Str: 21    XL:     12   Next: 40%
Magic:  10/15      EV: 12    Int: 16    God:
Gold:   404        SH:  0    Dex: 22    Spells: 3/11 levels left

rFire   . . .      SeeInvis +      - Unarmed
rCold   . . .      Faith    .    (shield currently unavailable)
rNeg    . . .      Spirit   .    S - +0 troll leather armour
rPois   .          Reflect  .    D - +1 helmet of the Clam {Regen+}
rElec   +          Harm     .    C - scarf {+Inv}
rCorr   .          Rampage  .    (gloves currently unavailable)
Will    +....                    Y - +0 pair of boots
Stlth   +++                      F - amulet of regeneration
HPRegen 2.75/turn                k - +4 ring of slaying
MPRegen 0.14/turn                K - ring of Royalty {rElec Dex+3 SInv}

@: blade hands (expiring), wereblooded
A: high MP 1, forlorn, divine attributes
a: End Transformation, Evoke Invisibility


You were on level 5 of the Lair of Beasts.
You had blades for hands.
You visited 2 branches of the dungeon, and saw 14 of its levels.

You collected 850 gold pieces.
You spent 446 gold pieces at shops.

Inventory:

Hand Weapons
 b - a +4 sling
 c - a +0 short sword of venom
Missiles
 s - 32 poisoned darts
 E - a curare-tipped dart
 X - 2 javelins
Armour
 C - a scarf of invisibility (worn)
 D - the +1 helmet of the Clam (worn) {Regen+}
   (You bought it in a shop on level 5 of the Dungeon)

   Regen:     It increases your rate of health regeneration.
 S - a +0 troll leather armour (worn)
 T - a +0 pair of gloves (melded)
 Y - a +0 pair of boots (worn)
Jewellery
 k - a +4 ring of slaying (left blade hand)
 F - an amulet of regeneration (around neck)
 K - the ring of Royalty (right blade hand) {rElec Dex+3 SInv}
   (You found it on level 7 of the Dungeon)

   [ring of see invisible]

   Dex:       It affects your dexterity (+3).
   rElec:     It insulates you from electricity.
   SInv:      It lets you see invisible.
 L - a +6 ring of intelligence
 W - a ring of poison resistance
Wands
 f - a wand of digging (1)
 x - a wand of paralysis (6)
 B - a wand of flame (22)
 H - a wand of iceblast (20)
 J - a wand of mindburst (11)
Scrolls
 d - a scroll of silence
 j - 6 scrolls of magic mapping
 m - 4 scrolls of fog
 p - 6 scrolls of teleportation
 q - a scroll of enchant armour
 u - a scroll of immolation
 v - a scroll of vulnerability {unknown}
 y - 2 scrolls of torment {unknown}
 z - 5 scrolls of amnesia
 G - 4 scrolls of fear
 O - a scroll of poison {unknown}
 Q - a scroll of blinking {unknown}
 R - 2 scrolls of noise {unknown}
Potions
 e - 2 potions of haste
 g - 3 potions of attraction
 l - 3 potions of cancellation {unknown}
 o - 8 potions of curing
 r - 5 potions of heal wounds
 t - 3 potions of invisibility {unknown}
 w - 2 potions of lignification
 A - a potion of brilliance {unknown}
 I - 2 potions of flight
 M - 2 potions of berserk rage
 N - 3 potions of might {unknown}
 P - a potion of resistance {unknown}
 U - a potion of ambrosia {unknown}


   Skills:
 + Level 5.9 Fighting
 - Level 1.7 Dodging
 - Level 4.5 Stealth
 + Level 17.4 Unarmed Combat
 + Level 7.3 Transmutations


You had 3 spell levels left.
You knew the following spells:

 Your Spells              Type           Power      Damage    Failure   Level
a - Beastly Appendage     Tmut           46%        N/A       19%         1
b - Wereblood             Tmut           23%        N/A       22%         2
c - Blade Hands           Tmut           11%        N/A       80%         5

Your spell library contained the following spells:

 Spells                   Type           Power      Damage    Failure   Level
 Spider Form              Tmut/Pois      11%        N/A       63%         3
 Apportation              Tloc           0%         N/A       71%         1
 Kiss of Death            Conj/Necr      0%         2d5       71%         1
 Call Canine Familiar     Summ           0%         N/A       94%         3
 Confusing Touch          Hex            0%         N/A       94%         3
 Portal Projectile        Hex/Tloc       0%         N/A       94%         3
 Tukima's Dance           Hex            0%         N/A       94%         3
 Alistair's Intoxication  Tmut/Pois      7%         N/A       99%         5
 Dispel Undead            Necr           0%         3d6       100%        4
 Leda's Liquefaction      Hex/Erth       0%         N/A       100%        4
 Summon Ice Beast         Ice/Summ       0%         N/A       100%        4
 Summon Lightning Spire   Summ/Air       0%         N/A       100%        4
 Summon Forest            Summ/Tloc      0%         N/A       100%        5
 Summon Mana Viper        Hex/Summ       0%         N/A       100%        5
 Eringya's Noxious Bog    Tmut/Pois      5%         N/A       100%        6
 Monstrous Menagerie      Summ           0%         N/A       100%        7
 Storm Form               Tmut/Air       5%         N/A       100%        7
 Summon Hydra             Summ           0%         N/A       100%        7
 Maxwell's Capacitive Co  Air            0%         ∞         100%        8
 Chain Lightning          Conj/Air       0%         N/A       100%        9
 Fire Storm               Conj/Fire      0%         5d1       100%        9
 Shatter                  Erth           0%         3d5*      100%        9


Dungeon Overview and Level Annotations

Branches:
Dungeon (9/15)             Temple (0/1) D:6            Lair (5/5) D:8
  Swamp (0/4) Lair:3        Slime (0/5) Lair:4
  Snake: Lair:2-3    Spider: Lair:2-3       Orc: D:9-12

Shops:
D:5 *   D:8 !   D:9 *

Annotations:
D:3 Natasha
Lair:4 exclusion: downstairs


Innate Abilities, Weirdness & Mutations

You have blades for hands.
Your spellcasting is less reliable in this form.
You are incapable of wielding weapons or throwing items.
You have an increased reservoir of magic. (+10% MP)
You shall have no god before yourself.
Your divine heritage dramatically boosts your attributes as you level up.


Message History

The death yak is heavily wounded.
You howl as the wereblood boils in your veins!
The death yak barely misses you.
A yak comes into view.
Unknown command.
The death yak gores you but does no damage.
The death yak gores you!
You climb upwards.
Level annotation: exclusion: downstairs
There is a stone staircase leading down here.
You slash the death yak!
The death yak is severely wounded.
The death yak gores you but does no damage.
The death yak gores you!
You shred the death yak!!!
You feel a bit better.
You kill the death yak!
You shred the death yak!!! You slash the death yak!!
The death yak is severely wounded.
The death yak gores you!
You slice the death yak!!
You feel a bit better.
You kill the death yak!
Your transformation is almost over.
You climb downwards.
The yak gores you. The yak gores you! x2
The death yak gores you! The death yak completely misses you.
The yak barely misses you. The death yak gores you!!
The yak gores you but does no damage. The death yak gores you!!
* * * LOW HITPOINT WARNING * * *
The yak gores you.
* * * LOW HITPOINT WARNING * * *
There is a stone staircase leading up, spattered with blood here.
Unknown command.
Unknown command.
Unknown command.
Unknown command.
As you read the scroll of fear, it crumbles to dust.
You assume a fearsome visage.
The komodo dragon looks frightened!
The death yak looks frightened!
The death yak resists with almost no effort.
The yak looks frightened! x3; The death yak gores you!!
You die...

#..
..#........P #.
#..#
...........##..
#. #
...............
#. ##
............!.[
# ##.
...............
#.#
.............
##. #.YYY......
#. #@Y...... .#
#.Y....P.
#.....P..
#......##
......#.#
.......#.
.........
..........


You could see 2 death yaks and 3 yaks.

Vanquished Creatures
  A catoblepas (Lair:5)
  2 boulder beetles
  A two-headed ogre (D:9)
  3 death yaks
  A bog body (Lair:3)
  5 elephants (Lair:2)
  2 black mambas (Lair:1)
  7 cane toads
  A gargoyle (D:8)
  6 komodo dragons
  A rime drake (Lair:2)
  A troll (D:8)
  Prince Ribbit (Lair:2)
  A polar bear (Lair:4)
  A hornet (D:8)
  9 blink frogs
  22 yaks
  5 wyverns
  Eustachio (D:6)
  A basilisk (Lair:5)
  A vampire (D:8)
  2 steam dragons
  6 water moccasins
  5 orc warriors
  2 sky beasts
  2 ogres
  11 wolves
  A phantom (D:5)
  3 kobold brigands
  2 necrophages
  11 bullfrogs
  4 scorpions
  4 wights (D:9)
  5 killer bees (D:8)
  3 electric eels (D:8)
  5 howler monkeys
  9 hounds
  9 jellies
  2 orc priests
  Ijyb (D:4)
  8 hell rats
  2 iguanas (D:6)
  9 orc wizards
  9 adders
  4 gnolls (D:6)
  2 shadow imps
  2 white imps
  2 ufetubi
  2 worms
  5 dart slugs
  23 orcs
  6 ball pythons
  9 endoplasms
  3 giant cockroaches
  7 goblins
  10 hobgoblins
  4 quokkas
  10 bats
  4 frilled lizards
  2 goblin zombies (D:5)
  A hobgoblin zombie (D:5)
  16 kobolds
  A kobold skeleton (D:5)
  3 kobold zombies (D:5)
  2 orc skeletons (D:5)
  2 orc zombies (D:5)
  5 rats
313 creatures vanquished.

Vanquished Creatures (others)
  A wizard (D:3)
  15 fungi
  21 plants
37 creatures vanquished.

Grand Total: 350 creatures vanquished

Notes
Turn   | Place    | Note
-------+----------+-------------------------------------------
     0 | D:5      | drugrobin the Demigod Delver began the quest for the Orb.
     0 | D:5      | Reached XP level 1. HP: 18/18 MP: 3/3
    52 | D:5      | Reached skill level 2 in Unarmed Combat
    82 | D:4      | Noticed an ogre
   104 | D:4      | Reached XP level 2. HP: 25/25 MP: 4/4
   172 | D:3      | Noticed Natasha
   348 | D:1      | Reached skill level 3 in Unarmed Combat
   512 | D:1      | Reached XP level 3. HP: 29/30 MP: 5/5
   517 | D:1      | Learned a level 1 spell: Beastly Appendage
  1250 | D:2      | Reached skill level 4 in Unarmed Combat
  1312 | D:2      | Reached XP level 4. HP: 37/37 MP: 6/6
  2066 | D:3      | Noticed a wizard
  2071 | D:3      | Killed a wizard
  2429 | D:4      | Reached skill level 5 in Unarmed Combat
  2453 | D:4      | Reached XP level 5. HP: 31/42 MP: 4/7
  2690 | D:4      | Noticed Ijyb
  2698 | D:4      | Reached skill level 6 in Unarmed Combat
  2703 | D:4      | Killed Ijyb
  2704 | D:4      | Reached XP level 6. HP: 38/50 MP: 6/8
  3975 | D:5      | Reached skill level 7 in Unarmed Combat
  4081 | D:5      | Reached XP level 7. HP: 47/56 MP: 9/9
  4354 | D:5      | Found Koloocs's General Store.
  4362 | D:5      | Bought the +1 helmet of the Clam {Regen+} for 231 gold
                  | pieces
  4362 | D:5      | Bought 2 curare-tipped darts for 33 gold pieces
  4767 | D:5      | Reached skill level 8 in Unarmed Combat
  4904 | D:6      | Noticed Eustachio
  4935 | D:6      | Killed Eustachio
  5018 | D:6      | Reached skill level 9 in Unarmed Combat
  5058 | D:6      | Reached XP level 8. HP: 26/62 MP: 10/10
  5283 | D:6      | Learned a level 2 spell: Wereblood
  5335 | D:6      | Reached skill level 1 in Transmutations
  5480 | D:6      | Found a staircase to the Ecumenical Temple.
  5507 | D:6      | Reached skill level 10 in Unarmed Combat
  5843 | D:7      | Noticed a +0 short sword
  5843 | D:7      | Noticed a +0 falchion
  5843 | D:7      | Noticed a +0 dagger
  5844 | D:7      | Noticed a +0 dagger
  5845 | D:7      | Noticed a +0 spear
  5845 | D:7      | Noticed a +0 falchion
  5846 | D:7      | Noticed a +0 spear
  5847 | D:7      | Noticed a +0 short sword
  6019 | D:7      | Identified the ring of Royalty {rElec Dex+3 SInv}
  6248 | D:8      | Noticed a hornet
  6310 | D:8      | Noticed a troll
  6336 | D:8      | Reached XP level 9. HP: 50/68 MP: 9/11
  6382 | D:8      | Found Tearead's Distillery.
  6496 | D:8      | Bought a potion of berserk rage for 65 gold pieces
  6496 | D:8      | Bought a potion of flight for 39 gold pieces
  6496 | D:8      | Bought a potion of lignification for 39 gold pieces
  6496 | D:8      | Bought a potion of curing for 39 gold pieces
  6672 | D:8      | Reached skill level 5 in Transmutations
  6676 | D:8      | Reached skill level 11 in Unarmed Combat
  6680 | D:8      | Noticed a gargoyle
  6842 | D:9      | Noticed a two-headed ogre
  6876 | D:9      | Killed a two-headed ogre
  6877 | D:9      | Reached skill level 12 in Unarmed Combat
  6927 | D:9      | Learned a level 5 spell: Blade Hands
  7076 | D:9      | Found Ohiyrch Awke's Mass Market.
  7141 | D:9      | Reached XP level 10. HP: 74/74 MP: 11/13
  7695 | D:8      | Reached skill level 13 in Unarmed Combat
  7937 | D:8      | Found a staircase to the Lair.
  8311 | Lair:1   | Entered Level 1 of the Lair of Beasts
  8416 | Lair:1   | Noticed a black mamba
  8425 | Lair:1   | Killed a black mamba
  8426 | Lair:1   | Reached skill level 14 in Unarmed Combat
  8428 | Lair:1   | Identified the +1 leather armour of Forking Paths {Will-
                  | rCorr Str+3 Dex+3}
  8435 | Lair:1   | Identified a scroll of acquirement
  8436 | Lair:1   | Acquired the +0 staff of Battle
  8436 | Lair:1   | Found the +0 staff of Battle
  8974 | Lair:2   | Noticed a black mamba
  8981 | Lair:1   | Killed a black mamba
  9055 | Lair:2   | Noticed a boulder beetle
  9069 | Lair:2   | Killed a boulder beetle
  9100 | Lair:2   | Noticed Prince Ribbit
  9131 | Lair:2   | Killed Prince Ribbit
  9132 | Lair:2   | Reached skill level 15 in Unarmed Combat
  9147 | Lair:2   | Reached XP level 11. HP: 62/81 MP: 10/14
  9298 | Lair:2   | Reached skill level 16 in Unarmed Combat
  9983 | Lair:3   | Noticed a bog body
  9998 | Lair:3   | Killed a bog body
 10069 | Lair:3   | Found a staircase to the Swamp.
 10278 | Lair:4   | Noticed a boulder beetle
 10289 | Lair:4   | Killed a boulder beetle
 10290 | Lair:4   | Reached skill level 17 in Unarmed Combat
 10631 | Lair:4   | Reached XP level 12. HP: 85/91 MP: 9/15
 10932 | Lair:4   | Found a staircase to the Slime Pits.
 11408 | Lair:5   | Entered Level 5 of the Lair of Beasts
 11422 | Lair:5   | Noticed a catoblepas
 11424 | Lair:5   | Reached skill level 5 in Fighting
 11491 | Lair:5   | Killed a catoblepas
 11531 | Lair:5   | Noticed an eight-headed hydra
 11586 | Lair:5   | Demolished by a death yak

Illustrated notes

Levels and vault maps discovered:
D:1:      onia_arrival_mini_spirals, layout_basic
D:2:      layout_rooms
D:3:      layout_loops_ring, trog_wizard, ebering_ecumenical_altar_hall,
          minivault_26, uniq_natasha
D:4:      layout_layer_cave, minmay_misc_feat_room, corexii_hall_statues_x,
          uniq_ijyb
D:5:      layout_rooms, yredelemnul_altar_generic,
          mainiacjoe_overflow_concentric_impassable,
          nicolae_tso_besieged_by_evil, nicolae_overflow_hidden_temple,
          kennysheep_little_box, serial_shops, shop_fountains
D:6:      layout_rooms, minmay_temple_entry_hall, uniq_eustachio
D:7:      layout_gridville, lightli_temple_of_fire, nicolae_uskayaw_en_pointe,
          fedhas_altar_decomposition
D:8:      layout_loops_ring, nicolae_gozag_seed_capital, erik_lair_island,
          serial_shops, nicolae_diamond_shop
D:9:      layout_irregular_city, serial_rivers, chequers_serial_rivers_room_a,
          chequers_serial_rivers_micro_e, chequers_serial_rivers_marsh,
          chequers_serial_rivers_micro_c, chequers_serial_rivers_room_a,
          chequers_serial_rivers_room_a, minmay_shop_mass
Lair:1:   wander_river, layout_regular_city
Lair:2:   layout_regular_city, hellmonk_spider_entry_life_and_decay,
          uniq_prince_ribbit2, uniq_erica
Lair:3:   layout_long_grid, skrybe_swamp_entry_bodies
Lair:4:   layout_cave_pods, nicolae_slime_entry_field_trip
Lair:5:   evilmike_catoblepas_cave, layout_layer_cave, grunt_megastairs_3

Skill      XL: |  1  2  3  4  5  6  7  8  9 10 11 12 |
---------------+-------------------------------------+-----
Unarmed Combat | 2 3 4 5 6 7 9 10 12 15 17 | 17.4
Transmutations | 4 5 6 7 |  7.3
Fighting       | 4 5 |  5.9
Dodging        | |  1.7
Stealth        | |  4.5

Action                   |  1- 3 |  4- 6 |  7- 9 | 10-12 || total
-------------------------+-------+-------+-------+-------++-------
Melee: Unarmed           |   107 |   121 |   256 |   349 ||   833
       Punch             |     4 |     5 |    18 |    28 ||    55
       Kick              |     3 |     8 |    29 |    87 ||   127
       Headbutt          |       |     4 |    13 |    61 ||    78
 Fire: Sling             |    18 |     9 |    49 |    26 ||   102
Throw: Dart              |       |     4 |    21 |    24 ||    49
 Cast: Beastly Appendage |     2 |     8 |    12 |    33 ||    55
       Wereblood         |       |       |     1 |     8 ||     9
       Blade Hands       |       |       |       |     3 ||     3
Evoke: Wand              |       |     1 |     1 |    16 ||    18
  Use: Scroll            |     1 |     1 |     3 |     8 ||    13
       Potion            |       |       |       |     1 ||     1
 Stab: Sleeping          |     7 |     7 |     2 |     1 ||    17
       Paralysed         |       |     3 |       |       ||     3
       Distracted        |       |     1 |     1 |     1 ||     3
Armor: Leather armour    |    34 |    26 |    40 |       ||   100
       Ring mail         |       |       |    20 |     4 ||    24
       Troll leather arm |       |       |       |    66 ||    66
Dodge: Dodged            |    62 |    66 |   127 |   150 ||   405

Table legend: (Time is in decaauts)
 A = Elapsed time spent in this place.
 B = Non-inter-level travel time spent in this place.
 C = Inter-level travel time spent in this place.
 D = Time resting spent in this place.
 E = Time spent auto-exploring this place.
 F = Levels seen in this place.
 G = Mean time per level.
                   A        B        C        D        E       F      G
               +--------+--------+--------+--------+--------+-----+--------+
         Total |  11442 |  10912 |    530 |    654 |   7009 |  14 |  817.3 |
       Dungeon |   8252 |   7916 |    336 |    415 |   5125 |   9 |  916.9 |
          Lair |   3190 |   2996 |    194 |    239 |   1883 |   5 |  638.0 |
               +--------+--------+--------+--------+--------+-----+--------+

Top non-repeatable levels by time:
     D:4: 1446 daAuts
     D:3: 1189 daAuts
  Lair:4: 1172 daAuts
     D:8: 1045 daAuts
     D:9: 940 daAuts
     D:5: 926 daAuts
     D:6: 869 daAuts
  Lair:1: 694 daAuts
     D:1: 670 daAuts
     D:7: 624 daAuts
  Lair:2: 613 daAuts
  Lair:3: 602 daAuts
     D:2: 539 daAuts
  Lair:5: 108 daAuts
